 Seeded DCSS version 0.30-a0-718-geaa24f58ff (webtiles) character file.

Game seed: 5430720872467839093 (custom seed)

7 valliere the Magician (level 2, 0/24 HPs)
             Began as a Djinni Conjurer on Jan 25, 2023.
             Slain by a kobold
             ... wielding a +0 whip
              (4 damage)
             ... on level 1 of the Dungeon.
             The game lasted 00:00:41 (86 turns).

valliere the Magician (Djinni Conjurer)               Turns: 86, Time: 00:00:42

Health: 0/24       AC:  2    Str:  6    XL:     2   Next: 5%
Gold:   9          EV: 12    Int: 19    God:
                   SH:  0    Dex: 11

rFire   + + .      SeeInvis .    c - +0 short sword
rCold   x . .      Faith    .    (no shield)
rNeg    . . .      Spirit   .    a - +0 robe
rPois   ∞          Reflect  .    (helmet restricted)
rElec   .          Harm     .    (no cloak)
rCorr   .          Rampage  .    (no gloves)
Will    .....                    (boots unavailable)
Stlth   ++                       (no amulet)
HPRegen 0.24/turn                (no ring)
MPRegen 0.00/turn                (no ring)

@: flying
A: sickness immunity, fire resistance 2, cold vulnerability 1, float, innate
caster, HP casting, extra vitality 1, beak, sense surroundings 1, robust 1
a: no special abilities


You were on level 1 of the Dungeon.
You visited 1 branch of the dungeon, and saw 1 of its levels.

You collected 9 gold pieces.

Inventory:

Hand Weapons
 c - a +0 short sword (weapon)
Armour
 a - a +0 robe (worn)
Potions
 b - a potion of magic


   Skills:
 + Level 0.3 Fighting
 + Level 0.3 Armour
 + Level 2.3 Dodging
 + Level 1.6 Stealth
 * Level 3.3 Spellcasting


You couldn't memorise any spells.
You knew the following spells:

 Your Spells              Type           Power      Damage    Failure   Level
a - Magic Dart            Conj           64%        1d6       3%          1
b - Searing Ray           Conj           32%        2d5       5%          2
c - Dazzling Flash        Conj/Hex       32%        N/A       11%         3
d - Fulminant Prism       Conj/Hex       8%         3d7       36%         4
e - Iskenderun's Mystic   Conj/Tloc      16%        2d5       36%         4
Your spell library was empty.

Dungeon Overview and Level Annotations

Branches:
Dungeon (1/15)

Altars:


Innate Abilities, Weirdness & Mutations

You are immune to sickness and miasma.
You are immune to poison.
Your flesh is very heat resistant. (rF++)
You are vulnerable to cold. (rC-)
You float through the air rather than walking.
You learn spells naturally, not from books.
Your magical power is your life essence.
You have superior vitality. (+4 MHP)
You have a beak for a mouth.
You passively map a small area around you.
You are robust. (+10% HP)


Message History

The jackal misses you. x2
The magic dart hits the jackal but does no damage.
The jackal bites you.
You are too injured to fight recklessly!
You are too injured to fight recklessly!
You hit the jackal.
The jackal is lightly wounded.
The jackal bites you.
A kobold comes into view. It is wielding a +0 whip.
The jackal barely misses you.
You miss the jackal.
The jackal bites you but does no damage.
The kobold shouts!
You hit the jackal. Your peck misses the jackal.
The jackal is heavily wounded.
The jackal closely misses you.
You barely miss the jackal.
The jackal is heavily wounded.
The jackal barely misses you. The jackal bites you.
* * * LOW HITPOINT WARNING * * *
You hit the jackal but do no damage.
The jackal is heavily wounded.
The jackal misses you.
You hit the jackal. You peck the jackal.
You kill the jackal!
The jackal bites you.
* * * LOW HITPOINT WARNING * * *
You hit the jackal.
The jackal is moderately wounded.
The jackal barely misses you.
You closely miss the jackal.
The jackal is moderately wounded.
The jackal bites you but does no damage.
You hit the jackal.
You kill the jackal!
You have reached level 2!
You closely miss the kobold. You peck the kobold.
The kobold is moderately wounded.
The kobold hits you with a +0 whip.
You die...

........# *, .#,
#.....# , , ...##.....#
.........### * *
,,..#.......# , ,*,
,#.......# * .,,
,#.......########
....####.#####........#
,, ......K@.#
########†# , .....#####
#.# .#. , * * * #.# * ,
, , #.# , ,, , ,#.# * ,
, , , , ,#.# , , *, #.#
, * #.# * ,#.#


You could see a kobold.

Vanquished Creatures
  4 jackals (D:1)
  A kobold (D:1)
5 creatures vanquished.

Notes
Turn   | Place    | Note
-------+----------+-------------------------------------------
     0 | D:1      | valliere the Djinni Conjurer began the quest for the Orb.
     0 | D:1      | valliere set off with the following spells memorised: Magic
                  | Dart, Searing Ray, Dazzling Flash, Fulminant Prism,
                  | Iskenderun's Mystic Blast.
     0 | D:1      | Reached XP level 1. HP: 15/15 MP: 0/0
    46 | D:1      | Gained mutation: You are robust. (+10% HP) [potion of
                  | mutation]
    46 | D:1      | Gained mutation: You have a beak for a mouth. [potion of
                  | mutation]
    46 | D:1      | Gained mutation: You passively map a small area around you.
                  | [potion of mutation]
    86 | D:1      | Reached XP level 2. HP: 4/24 MP: 0/0
    86 | D:1      | Slain by a kobold

Illustrated notes

Levels and vault maps discovered:
D:1:      dpeg_arrival_boxes_within_box, layout_basic

Action                     || total
---------------------------++-------
  Melee: Short sword       ||    10
         Peck              ||     2
   Cast: Magic Dart        ||     8
    Use: Potion            ||     1
 Armour: Robe              ||     2
  Dodge: Dodged            ||     8

Table legend: (Time is in decaauts)
 A = Elapsed time spent in this place.
 B = Non-inter-level travel time spent in this place.
 C = Inter-level travel time spent in this place.
 D = Time resting spent in this place.
 E = Time spent auto-exploring this place.
 F = Levels seen in this place.
 G = Mean time per level.
                   A        B        C        D        E       F      G
               +--------+--------+--------+--------+--------+-----+--------+
         Total |     85 |     85 |      0 |      0 |     57 |   1 |   85.0 |
       Dungeon |     85 |     85 |      0 |      0 |     57 |   1 |   85.0 |
               +--------+--------+--------+--------+--------+-----+--------+

Top non-repeatable levels by time:
     D:1: 85 daAuts
